 Dungeon Crawl Stone Soup version 0.21-a0-615-g8e08f28 (webtiles) character file.

4 Firecrotchwizard the Shield-Bearer (level 1, -1/11 HPs)
             Began as a Vine Stalker Fighter on Dec 22, 2017.
             Slain by a gnoll
             ... wielding a +0 halberd
              (4 damage)
             ... on level 1 of the Dungeon.
             The game lasted 00:00:14 (147 turns).

Firecrotchwizard the Shield-Bearer (VSFi)            Turns: 147, Time: 00:00:15

Health: -1/11      AC:  6    Str: 18    XL:     1   Next: 60%
Magic:  0/2        EV:  7    Int:  8    God:
Gold:   0          SH:  9    Dex: 13    Spells: 0/0 levels left

rFire    . . .     SeeInvis .   a - +0 long sword
rCold    . . .     Gourm    .   c - +0 shield
rNeg     . . .     Faith    .   b - +0 scale mail
rPois    .         Spirit   +   (no helmet)
rElec    .         Reflect  .   (no cloak)
rCorr    .         Harm     .   (no gloves)
MR       .....                  (no boots)
Stlth    ..........             (no amulet)
HPRegen  0.03/turn              (no ring)
MPRegen  0.08/turn              (no ring)

@: no status effects
A: fangs 2, magic shield, antimagic bite, no potion heal 3, rot immunity
a: no special abilities


You were on level 1 of the Dungeon.
You were not hungry.

You visited 1 branch of the dungeon, and saw 1 of its levels.

Inventory:

Hand Weapons
 a - a +0 long sword (weapon)
Armour
 b - a +0 scale mail (worn)
 c - a +0 shield (worn)
Potions
 d - a potion of might
Comestibles
 f - a ration {@e1}


   Skills:
 + Level 2.7 Fighting
 * Level 1.9 Long Blades
 + Level 2.4 Armour
 + Level 2.7 Shields


You couldn't memorise any spells.
You didn't know any spells.

Dungeon Overview and Level Annotations

Branches:
Dungeon (1/15)

Altars:


Innate Abilities, Weirdness & Mutations

You have extremely sharp teeth.
When hurt, damage is shared between your health and your magic reserves.
Your bite disrupts and absorbs the magic of your enemies.
Potions cannot restore your health.
You are immune to rotting.


Message History

Welcome, Firecrotchwizard the Vine Stalker Fighter.
Will you be the one to retrieve the fabulous Orb of Zot from the depths?
Found a staircase leading out of the dungeon.
You open the door. 2 giant cockroaches come into view.
There is an open door here.
You block the giant cockroach's attack.
You closely miss the giant cockroach. You bite the giant cockroach.
You drain its power. You block the giant cockroach's attack.
The giant cockroach closely misses you. x2; You riposte.
You hit the giant cockroach.
You kill the giant cockroach!
The giant cockroach bites you.
You take 1 damage, and have 10/11 hp.
You hit the giant cockroach but do no damage.
Your bite misses the giant cockroach. The giant cockroach bites you.
You block the giant cockroach's attack.
You take 2 damage, and have 8/11 hp.
You hit the giant cockroach but do no damage.
You bite the giant cockroach, but do no damage.
The giant cockroach bites you but does no damage. x2
You barely miss the giant cockroach. You bite the giant cockroach.
You drain its power. The giant cockroach barely misses you.
You closely miss the giant cockroach.
The giant cockroach bites you but does no damage. x2
You hit the giant cockroach. Your bite misses the giant cockroach.
You block the giant cockroach's attack.
The giant cockroach bites you but does no damage.
You hit the giant cockroach.
You kill the giant cockroach!
No target in view!
You start resting.
Health restored: 11 You open the door.
There is an open door here.
You open the door.
There is an open door here.
You open the door.
There is an open door here.
You open the door.
There is an open door here.
You open the door.
There is an open door here.
You open the door.
There is an open door here.
You open the door.
There is an open door here.
You open the door.
A bat comes into view.
The bat hits you but does no damage. You block the bat's attack.
There is an open door here.
You hit the bat but do no damage. You bite the bat. You drain its power.
The bat hits you but does no damage. x3
You closely miss the bat. The bat hits you but does no damage. x3
You closely miss the bat. You bite the bat, but do no damage.
The bat hits you but does no damage. The bat barely misses you.
You riposte.
You closely miss the bat. The bat hits you but does no damage. x2
You closely miss the bat. Your bite misses the bat.
The bat hits you but does no damage.
Your shield prevents you from hitting the bat.
Your bite misses the bat. The bat closely misses you.
You riposte.
You slash the bat!
You kill the bat!
No target in view!
A kobold comes into view. It is wielding a short sword.
The kobold shouts!
A gnoll comes into view. It is wielding a halberd.
You closely miss the kobold. Your bite misses the kobold.
The kobold hits you but does no damage.
You completely miss the kobold. You block the kobold's attack.
A goblin comes into view. It is wielding a club.
The goblin shouts!
You hit the kobold but do no damage. You block the kobold's attack.
The goblin moves out of view.
You closely miss the kobold. The kobold hits you but does no damage.
The gnoll hits you from afar with a halberd!
Ouch! That really hurt!
* * * LOW HITPOINT WARNING * * *
The kobold hits you but does no damage.
You take 8 damage, and have 3/11 hp.
MASSIVE DAMAGE!!
You now have 1/2 mp.
You are too injured to fight recklessly!
You barely miss the kobold. You bite the kobold, but do no damage.
The gnoll hits you from afar with a halberd.
You die...

..... ....
...# ...
..## .g#
#K## #@.#
##.## #..#
##.# #.#
#####'#####
#..#...#..#
#P.'...'.(#
#..#...#..#


You could see a gnoll and a kobold.

Vanquished Creatures
  A bat (D:1)
  2 giant cockroaches (D:1)
3 creatures vanquished.

Notes
Turn   | Place    | Note
-------+----------+-------------------------------------------
     0 | D:1      | Firecrotchwizard the Vine Stalker Fighter began the quest for the Orb.
     0 | D:1      | Reached XP level 1. HP: 11/11 MP: 2/2
   147 | D:1      | Slain by a gnoll

Vault maps used:
D:1:      dpeg_arrival_prison

Action                   || total
-------------------------++-------
Melee: Long sword        ||    17
       Bite              ||     6
Armor: Scale mail        ||    18
Dodge: Dodged            ||     5
Block: Shield            ||     7
       Rpst.: Long sword ||     3

Table legend:
 A = Spawn XP
 B = Non-spawn XP
 C = Spawn XP percentage of total XP
 D = Spawn monster count
 E = Non-spawn monster count
 F = Spawn count percentage of total count
 G = Total turns spent on level
                    A         B        C        D         E        F      G
               +---------+---------+-------+---------+---------+-------+---------
         Total |       0 |       6 |   0.0 |       0 |       3 |   0.0 |   147
               +---------+---------+-------+---------+---------+-------+---------
           D:1 |       0 |       6 |   0.0 |       0 |       3 |   0.0 |   147
               +---------+---------+-------+---------+---------+-------+---------

Vault maps used:
D:1:      dpeg_arrival_prison

Table legend:
 A = Turns spent in this place as a percentage of turns spent in the entire game.
 B = Non-inter-level travel turns spent in this place as a percentage of non-inter-level travel turns spent in the entire game.
 C = Inter-level travel turns spent in this place as a percentage of turns spent in this place.
 D = Turns resting spent in this place as a percentage of non-inter-level travel turns spent in this place.
 E = Turns spent auto-exploring this place as a percentage of non-inter-level travel turns spent in this place.
 F = Non-inter-level travel turns spent in this place divided by the number of levels of this place that you've seen.
                   A       B       C       D       E      F
               +-------+-------+-------+-------+-------+----------------------
         Total | 100.0 | 100.0 |   0.0 |  57.8 |  25.9 | 147.0
       Dungeon | 100.0 | 100.0 |   0.0 |  57.8 |  25.9 | 147.0
               +-------+-------+-------+-------+-------+----------------------

Table legend:
 A = Kills in this place as a percentage of kills in entire the game.
 B = Kills by you in this place as a percentage of kills by you in the entire game.
 C = Kills by friends in this place as a percentage of kills by friends in the entire game.
 D = Other kills in this place as a percentage of other kills in the entire game.
 E = Experience gained in this place as a percentage of experience gained in the entire game.
 F = Experience gained in this place divided by the number of levels of this place that you have seen.
                   A       B       C       D       E      F
               +-------+-------+-------+-------+-------+----------------------
         Total | 100.0 | 100.0 |   N/A |   N/A | 100.0 |   6.0
       Dungeon | 100.0 | 100.0 |   N/A |   N/A | 100.0 |   6.0
               +-------+-------+-------+-------+-------+----------------------
